 Dungeon Crawl Stone Soup version 0.27-a0-1122-g2a214b436d (webtiles) character file.

Game seed: 1185099585108192532

18 Froggeryz the Sneak (level 2, -5/26 HPs)
             Began as a Ghoul Delver on May 3, 2021.
             Was an Initiate of Okawaru.
             Slain by Sigmund
             ... wielding a +0 scythe
              (11 damage)
             ... on level 2 of the Dungeon.
             The game lasted 00:02:10 (777 turns).

Froggeryz the Sneak (Ghoul Delver)                   Turns: 777, Time: 00:02:11

Health: -5/26      AC:  3    Str: 15    XL:     2   Next: 70%
Magic:  1/1        EV: 15    Int:  5    God:    Okawaru [......]
Gold:   48         SH:  0    Dex: 10    Spells: 1/1 levels left

rFire    . . .     SeeInvis .     - Unarmed
rCold    + . .     Faith    .   (no shield)
rNeg     + + +     Spirit   .   a - +0 leather armour
rPois    ∞         Reflect  .   (no helmet)
rElec    .         Harm     .   (no cloak)
rCorr    .         Rampage  .   (no gloves)
Will     .....                  (no boots)
Stlth    +.........             (no amulet)
HPRegen  0.00/turn              j - +4 ring of evasion
MPRegen  0.07/turn              (no ring)

@: confused
A: claws 1, cold resistance 1, negative energy resistance 3, inhibited
regeneration, torment resistance 2, unbreathing 1
a: Renounce Religion


You were on level 2 of the Dungeon.
You worshipped Okawaru.
Okawaru was noncommittal.
You visited 1 branch of the dungeon, and saw 4 of its levels.

You collected 48 gold pieces.

Inventory:

Armour
 a - a +0 leather armour (worn)
 e - a +0 pair of gloves
Jewellery
 g - the ring "Poehouc" {rPois rF+ rC+ Slay-6}
   (You found it on level 4 of the Dungeon)

   [ring of protection from fire]

   It affects your accuracy and damage with ranged weapons and melee attacks
   (-6).
   It protects you from fire.
   It protects you from cold.
   It protects you from poison.
 j - a +4 ring of evasion (left claw)
Wands
 f - a wand of digging (2)
Scrolls
 b - a scroll of fog
 c - a scroll of magic mapping
 d - a scroll of fear
 h - a scroll of teleportation {unknown}
 i - a scroll of holy word {unknown}
 k - a scroll of enchant armour {unknown}


   Skills:
 - Level 3.2 Fighting
 - Level 1.7 Dodging
 - Level 5.4 Stealth
 * Level 3.5 Unarmed Combat


You had one spell level left.
You didn't know any spells.
Your spell library was empty.

Dungeon Overview and Level Annotations

Branches:
Dungeon (5/15)
 Temple: D:4-7

Altars:
Ashenzari
Hepliaklqana
Kikubaaqudgha
Okawaru

Annotations:
D:2 Sigmund


Innate Abilities, Weirdness & Mutations

You thrive by killing the living.
You are immune to poison.
You have sharp fingernails.
Your flesh is cold resistant. (rC+)
You are immune to negative energy. (rN+++)
You do not regenerate when monsters are visible.
You are immune to unholy pain and torment.
You can survive without breathing.


Message History

You close the door.
Sigmund opens the door.
You close the door.
Sigmund opens the door.
You close the door.
Sigmund opens the door.
You close the door.
Sigmund opens the door.
You close the door.
Sigmund opens the door.
You close the door.
Sigmund opens the door.
You close the door.
Sigmund opens the door.
You close the door.
Sigmund opens the door.
You close the door.
Sigmund opens the door.
You close the door.
Sigmund opens the door.
You close the door.
Sigmund opens the door.
You close the door.
Sigmund opens the door.
You close the door.
Sigmund opens the door.
You close the door.
Sigmund opens the door.
Sigmund closely misses you.
As you close the door, it creaks loudly!
Sigmund opens the door.
Sigmund points at you and mumbles some strange words.
The puff of flame misses you.
There is an open door here.
You claw Sigmund!
Sigmund is moderately wounded.
Sigmund barely misses you.
You scratch Sigmund.
Sigmund is moderately wounded.
Sigmund gestures at you while chanting.
You are confused.
You barely miss Sigmund.
Sigmund is moderately wounded.
You scratch Sigmund but do no damage.
Sigmund is moderately wounded.
Sigmund gestures at you while chanting. The puff of flame hits you!
You miss Sigmund.
Sigmund is moderately wounded.
Sigmund hits you with a +0 scythe!
* * * LOW HITPOINT WARNING * * *
You aren't carrying any potions.
You are too confused!
Sigmund hits you from afar with a +0 scythe!
You die...

......# #.........$#
#.......# ......#
#..........###.......#
......#
#...........##.......#
......#
###...........##.......#
##.....
..............##........
#...........##........
#....@...(..<#....(...
#'# #........ #@#
#....#........ #.#
#....#.......#
#.#.#....#.......#
#.#.#....#........
........#
#.#......###'####.
........# #.#......# #.#
#. ........# #.#......#
#.# #. ........#
#.#......###.# #.
....(...#
#.#..........## #.


You could see Sigmund.

Vanquished Creatures
  An adder (D:2)
  A bat (D:2)
  A goblin (D:2)
  A jackal (D:2)
  4 ball pythons
  A frilled lizard (D:2)
  2 rats (D:2)
11 creatures vanquished.

Notes
Turn   | Place    | Note
-------+----------+-------------------------------------------
     0 | D:5      | Froggeryz the Ghoul Delver began the quest for the Orb.
     0 | D:5      | Reached XP level 1. HP: 19/19 MP: 0/0
    58 | D:4      | Found an ancient bone altar of Kikubaaqudgha.
    59 | D:4      | Found an iron altar of Okawaru.
    59 | D:4      | Found a hazy altar of Hepliaklqana.
    66 | D:4      | Identified the ring "Poehouc" {rPois rF+ rC+ Slay-6}
    72 | D:4      | Became a worshipper of Warmaster Okawaru
    91 | D:4      | Noticed an iguana
   100 | D:4      | Noticed an orc wizard
   112 | D:3      | Found a broken altar of Ashenzari.
   354 | D:2      | Reached XP level 2. HP: 22/26 MP: 1/1
   652 | D:2      | Noticed Sigmund
   777 | D:2      | Slain by Sigmund

Illustrated notes

Levels and vault maps discovered:
D:2:      layout_basic, minmay_pentomino_s4, uniq_sigmund
D:3:      layout_basic, nicolae_overflow_hidden_temple,
          nicolae_wu_jian_wuxing_cycle, nicolae_qazlal_scattered_showers,
          lemuel_coloured_pillars_altar, basic_ecumenical_altar, serial_shops,
          nicolae_shop_stone, saegor_snake_ambush
D:4:      layout_rooms, grunt_temple_overflow_open, uniq_eustachio, uniq_grinder
D:5:      layout_loops_cross, old_standard_altar, lemuel_temple_firewalk_b,
          kennysheep_flooded_box, uniq_edmund

Skill      XL: |  1 |
---------------+----+-----
Unarmed Combat | 3 |  3.5
Fighting       | |  3.2
Dodging        | |  1.7
Stealth        | |  5.4

Action                   || total
-------------------------++-------
Melee: Unarmed           ||    44
Evoke: Wand              ||     1
  Use: Potion            ||     1
 Stab: Sleeping          ||     3
Armor: Leather armour    ||    12
Dodge: Dodged            ||    27

Table legend: (Time is in decaauts)
 A = Elapsed time spent in this place.
 B = Non-inter-level travel time spent in this place.
 C = Inter-level travel time spent in this place.
 D = Time resting spent in this place.
 E = Time spent auto-exploring this place.
 F = Levels seen in this place.
 G = Mean time per level.
                   A        B        C        D        E       F      G
               +--------+--------+--------+--------+--------+-----+--------+
         Total |    758 |    738 |     20 |    172 |    300 |   4 |  189.5 |
       Dungeon |    758 |    738 |     20 |    172 |    300 |   4 |  189.5 |
               +--------+--------+--------+--------+--------+-----+--------+

Top non-repeatable levels by time:
     D:2: 633 daAuts
     D:5: 55 daAuts
     D:4: 49 daAuts
     D:3: 20 daAuts
